 Dungeon Crawl Stone Soup version 0.21.0-24-g2553a33 (webtiles) character file.

52 tidbits the Magician (level 3, 0/31 HPs)
             Began as a Gnoll Wanderer on Jan 19, 2018.
             Slain by a hobgoblin
             ... wielding a +0 club
              (5 damage)
             ... on level 2 of the Dungeon.
             The game lasted 00:05:36 (677 turns).

tidbits the Magician (Gnoll Wanderer)                Turns: 677, Time: 00:05:37

Health: 0/31       AC:  2    Str: 14    XL:     3   Next: 85%
Magic:  9/9        EV: 12    Int: 13    God:
Gold:   47         SH:  0    Dex: 16    Spells: 7/12 levels left

rFire    . . .     SeeInvis .   a - +2 mace
rCold    . . .     Gourm    .   (no shield)
rNeg     . . .     Faith    .   d - +0 robe
rPois    .         Spirit   .   (no helmet)
rElec    .         Reflect  .   (no cloak)
rCorr    .         Harm     .   (no gloves)
MR       .....                  (no boots)
Stlth    ++........             s - amulet of regeneration
HPRegen  0.10/turn              (no ring)
MPRegen  0.11/turn              (no ring)

@: no status effects
A: distributed training, fangs 1, strong nose
a: no special abilities


You were on level 2 of the Dungeon.
You were not hungry.

You visited 1 branch of the dungeon, and saw 4 of its levels.

You collected 47 gold pieces.

Inventory:

Hand Weapons
 a - a +2 mace (weapon)
 h - a +0 short sword
 j - a +0 war axe
Missiles
 e - 39 sling bullets
 k - 42 stones (quivered)
 q - 28 bolts
Armour
 d - a +0 robe (worn)
 n - a cursed +0 ring mail
 o - a +0 hat
Jewellery
 s - an amulet of regeneration (around neck)
   (You found it on level 3 of the Dungeon)
Scrolls
 l - 2 scrolls of remove curse
Potions
 g - 2 potions of ambrosia
 m - a potion of magic
 p - a potion of brilliance
 r - a potion of curing
 t - a potion of flight {unknown}
Books
 b - Ozuefupt's Grimoire of Venom

   Spells                             Type                      Level
   a - Sting                          Conjuration/Poison           1
   b - Mephitic Cloud                 Conjuration/Poison/Air       3
 c - Aleg's Almanac of Moulding

   Spells                             Type                      Level
   a - Sticks to Snakes               Transmutation                2
   b - Passwall                       Transmutation/Earth          2
Comestibles
 f - 8 rations


   Skills:
 + Level 4.5 Fighting
 + Level 0.9 Short Blades
 + Level 0.9 Long Blades
 + Level 0.9 Axes
 + Level 2.6 Maces & Flails
 + Level 0.9 Polearms
 + Level 0.9 Staves
 + Level 0.9 Slings
 + Level 0.9 Bows
 + Level 0.9 Crossbows
 + Level 2.6 Throwing
 + Level 0.9 Armour
 + Level 0.9 Dodging
 + Level 0.9 Stealth
 + Level 0.9 Shields
 + Level 0.9 Unarmed Combat
 + Level 5.0 Spellcasting
 + Level 0.6 Conjurations
 + Level 0.6 Hexes
 + Level 0.6 Charms
 + Level 2.1 Summonings
 + Level 0.6 Necromancy
 + Level 0.6 Translocations
 + Level 3.8 Transmutations
 + Level 0.6 Fire Magic
 + Level 0.6 Ice Magic
 + Level 0.6 Air Magic
 + Level 0.6 Earth Magic
 + Level 0.6 Poison Magic
 + Level 1.0 Invocations
 + Level 2.6 Evocations


You had 7 spell levels left.
You knew the following spells:

 Your Spells              Type           Power        Failure   Level  Hunger
a - Sting                 Conj/Pois      #...         14%         1    None
k - Sticks to Snakes      Tmut           ##......     6%          2    ##.....
p - Passwall              Tmut/Erth      #.........   12%         2    ##.....


Dungeon Overview and Level Annotations

Branches:
Dungeon (4/15)
 Temple: D:4-7

Altars:


Innate Abilities, Weirdness & Mutations

Your experience applies equally to all skills.
You have very sharp teeth.
Your uncanny sense of smell can sniff out nearby items.


Message History

Found a whip.
A goblin comes into view.
Found a dented steel amulet.
Found a club and a throwing net.
Casting: Sting
Confirm with . or Enter, or press ? or * to list all spells.
Aiming: Sting
Press: ? - help, Shift-Dir - straight line, f - goblin
Aim: a goblin (resting)
The sting hits the goblin.
The goblin is poisoned.
The goblin is moderately wounded.
The goblin shouts!
Casting: Sting
Confirm with . or Enter, or press ? or * to list all spells.
Aiming: Sting
Press: ? - help, Shift-Dir - straight line, f/p - goblin
Aim: a goblin (heavily wounded, poisoned)
The sting hits the goblin.
The goblin looks even sicker.
You kill the goblin!
Found a grey potion.
There is an open door here.
Found a helmet.
Found a ring mail.
You see here a dented steel amulet.
s - a dented steel amulet Put on which piece of jewellery? (? for menu, Esc to quit)
You sense that the amulet cannot attune itself to your injured body.
s - an amulet of regeneration (around neck)
You see here a grey potion.
t - a grey potion The gnoll shouts!
Casting: Sting
Confirm with . or Enter, or press ? or * to list all spells.
Aiming: Sting
Press: ? - help, Shift-Dir - straight line, f - gnoll
Aim: a gnoll The sting misses the gnoll.
Casting: Sting
Confirm with . or Enter, or press ? or * to list all spells.
Aiming: Sting
Press: ? - help, Shift-Dir - straight line, f/p - gnoll
Aim: a gnoll The sting hits the gnoll.
The gnoll appears unharmed.
Casting: Sting
Confirm with . or Enter, or press ? or * to list all spells.
Aiming: Sting
Press: ? - help, Shift-Dir - straight line, f/p - gnoll
Aim: a gnoll The sting hits the gnoll.
The gnoll appears unharmed.
Casting: Sting
Confirm with . or Enter, or press ? or * to list all spells.
Aiming: Sting
Press: ? - help, Shift-Dir - straight line, f/p - gnoll
Aim: a gnoll The sting hits the gnoll.
The gnoll appears unharmed.
The gnoll shouts!
As you read the scroll of teleportation, it crumbles to dust.
You feel strangely unstable. The gnoll misses you.
A gnoll comes into view.
Your surroundings suddenly seem different.
The orc throws a tomahawk.
The tomahawk closely misses you.
Found a tomahawk and 9 gold pieces.
A frilled lizard and an orc come into view. 2 frilled lizards come into view.
The frilled lizard hisses angrily.
The orc throws a tomahawk.
The tomahawk barely misses you.
The frilled lizard moves out of view.
Your magical contamination has completely faded away.
You see here 2 tomahawks.
The frilled lizard hisses angrily.
The frilled lizard bites you but does no damage.
The frilled lizard hisses angrily.
The orc throws a tomahawk.
The tomahawk barely misses you.
You see here a tomahawk.
The orc throws a tomahawk.
The tomahawk closely misses you. The frilled lizard closely misses you.
The orc throws a tomahawk.
The tomahawk hits you.
* * * LOW HITPOINT WARNING * * *
You see here a tomahawk.
The frilled lizard barely misses you.
Things that are here:
a potion of degeneration; a scroll of random uselessness A kobold comes into view.
It is wielding a mace.
There is a stone staircase leading up here.
The frilled lizard bites you but does no damage.
You climb upwards.
The gnoll hits you.
* * * LOW HITPOINT WARNING * * *
The hobgoblin barely misses you. The gnoll hits you.
* * * LOW HITPOINT WARNING * * *
There is a stone staircase leading down here.
Unknown command.
Unknown command.
The frilled lizard bites you.
* * * LOW HITPOINT WARNING * * *
A gnoll comes into view.
The frilled lizard hisses.
The frilled lizard unfolds its giant frill.
There is a stone staircase leading up, spattered with blood here.
Magic restored.
The hobgoblin hits you with a club.
You die...

.....# #.#
#...##..###...##### ##...#
#.# #...#...# ##.......
#....###.###...#...#
#.......
#....#...........#
#....... #.......#..###.##
###..#### # ##.....##...#
..# #.<.## .
###.<...###...# .## #.#.#
.###...#........÷# .#
#..#.#
..........###...@##.#
#..##.# ...###.#..##.÷#.g#
.# #.# #.#
...##..#.....##.l##(# #.
#.#
...##.#..##..##...#.###
#.# ...##.g.###..........#
.#
...##.######.#.#...#......
...##.###.g..#..........##
..g#..#..g######...###....
....g#..### #..... g..


You could see a hobgoblin and a frilled lizard.

Vanquished Creatures
  3 adders (D:3)
  A leopard gecko (D:3)
  An orc (D:3)
  3 bats
  2 goblins
  A hobgoblin (D:2)
  3 jackals (D:3)
  2 ball pythons (D:2)
  4 frilled lizards
  4 kobolds
24 creatures vanquished.

Notes
Turn   | Place    | Note
-------+----------+-------------------------------------------
     0 | D:1      | tidbits the Gnoll Wanderer began the quest for the Orb.
     0 | D:1      | tidbits set off with: a +2 mace, Ozuefupt's Grimoire of Venom, Aleg's Almanac of Moulding, a +0 robe, a ration
     0 | D:1      | Reached XP level 1. HP: 20/20 MP: 6/6
     0 | D:1      | Identified Ozuefupt's Grimoire of Venom
     0 | D:1      | Identified Aleg's Almanac of Moulding
     2 | D:1      | Learned a level 1 spell: Sting
   146 | D:1      | Reached skill level 2 in Summonings
   182 | D:1      | Reached XP level 2. HP: 17/26 MP: 3/7
   186 | D:1      | Learned a level 2 spell: Passwall
   189 | D:1      | Learned a level 2 spell: Sticks to Snakes
   383 | D:3      | Reached skill level 5 in Spellcasting
   383 | D:3      | Reached XP level 3. HP: 21/31 MP: 0/9
   513 | D:3      | Reached skill level 1 in Invocations
   661 | D:2      | HP: 3/31 [frilled lizard (2)]
   677 | D:2      | Slain by a hobgoblin

Skill      XL: |  1  2  3 |
---------------+----------+-----
Summonings     | 2 |  2.1
Spellcasting   | 5 |  5.0
Invocations    | 1 |  1.0
Fighting       | |  4.5
Short Blades   | |  0.9
Long Blades    | |  0.9
Axes           | |  0.9
Maces & Flails | |  2.6
Polearms       | |  0.9
Staves         | |  0.9
Slings         | |  0.9
Bows           | |  0.9
Crossbows      | |  0.9
Throwing       | |  2.6
Armour         | |  0.9
Dodging        | |  0.9
Stealth        | |  0.9
Shields        | |  0.9
Unarmed Combat | |  0.9
Conjurations   | |  0.6
Hexes          | |  0.6
Charms         | |  0.6
Necromancy     | |  0.6
Translocations | |  0.6
Transmutations | |  3.8
Fire Magic     | |  0.6
Ice Magic      | |  0.6
Air Magic      | |  0.6
Earth Magic    | |  0.6
Poison Magic   | |  0.6
Evocations     | |  2.6

Action                   || total
-------------------------++-------
Melee: Mace              ||    49
       Bite              ||     5
 Cast: Sting             ||    38
  Use: Scroll            ||     9
 Stab: Sleeping          ||     1
Armor: Robe              ||    16
Dodge: Dodged            ||    53

Table legend:
 A = Turns spent in this place as a percentage of turns spent in the entire game.
 B = Non-inter-level travel turns spent in this place as a percentage of non-inter-level travel turns spent in the entire game.
 C = Inter-level travel turns spent in this place as a percentage of turns spent in this place.
 D = Turns resting spent in this place as a percentage of non-inter-level travel turns spent in this place.
 E = Turns spent auto-exploring this place as a percentage of non-inter-level travel turns spent in this place.
 F = Non-inter-level travel turns spent in this place divided by the number of levels of this place that you've seen.
                   A       B       C       D       E      F
               +-------+-------+-------+-------+-------+----------------------
         Total | 100.0 | 100.0 |   0.0 |   0.0 |   0.0 | 169.2
       Dungeon | 100.0 | 100.0 |   0.0 |   0.0 |   0.0 | 169.2
               +-------+-------+-------+-------+-------+----------------------

Table legend:
 A = Kills in this place as a percentage of kills in entire the game.
 B = Kills by you in this place as a percentage of kills by you in the entire game.
 C = Kills by friends in this place as a percentage of kills by friends in the entire game.
 D = Other kills in this place as a percentage of other kills in the entire game.
 E = Experience gained in this place as a percentage of experience gained in the entire game.
 F = Experience gained in this place divided by the number of levels of this place that you have seen.
                   A       B       C       D       E      F
               +-------+-------+-------+-------+-------+----------------------
         Total | 100.0 | 100.0 |   N/A |   N/A | 100.0 |  18.8
       Dungeon | 100.0 | 100.0 |   N/A |   N/A | 100.0 |  18.8
               +-------+-------+-------+-------+-------+----------------------

Vault maps used:
D:1:      grunt_arrival_lava_bath, serial_aquarium, aquarium_bridge_square,
          aquarium_window_fake, aquarium_window_1, aquarium_view_2e
D:2:      doesnt_xom_only_xom, first_ration, kennysheep_flooded_box, uniq_robin
D:4:      nicolae_ru_sacrificial_ziggurat, lightli_temple_of_fire,
          minmay_temple_entry_fiery, kennysheep_generic_room_12
